 Dungeon Crawl Stone Soup version 0.29.0-4-gdea44cf6ec (webtiles) character file.

Game seed: 14480025723018208020

37 qw the Ruffian (level 3, -3/28 HPs)
             Began as a Ghoul Fire Elementalist on Aug 29, 2022.
             Slain by a worm (5 damage)
             ... on level 2 of the Dungeon.
             The game lasted 00:01:31 (2085 turns).

qw the Ruffian (Ghoul Fire Elementalist)            Turns: 2085, Time: 00:01:31

Health: -3/28      AC:  3    Str: 13    XL:     3   Next: 39%
Magic:  4/4        EV: 12    Int: 10    God:
Gold:   99         SH:  0    Dex:  9    Spells: 4/5 levels left

rFire   . . .      SeeInvis +     - Unarmed
rCold   + . .      Faith    .   (no shield)
rNeg    + + +      Spirit   .   a - +0 robe
rPois   inf        Reflect  .   (no helmet)
rElec   .          Harm     .   (no cloak)
rCorr   .          Rampage  .   (no gloves)
Will    .....                   h - +0 pair of boots
Stlth   ++........              (no amulet)
HPRegen 0.00/turn               e - ring of see invisible
MPRegen 0.09/turn               (no ring)

@: inhibited regen
A: claws 1, cold resistance 1, negative energy resistance 3, inhibited
regeneration, torment resistance 2, devour on kill
a: no special abilities


You were on level 2 of the Dungeon.
You visited 1 branch of the dungeon, and saw 2 of its levels.

You collected 99 gold pieces.


Innate Abilities, Weirdness & Mutations

You are immune to poison.
You have sharp fingernails.
Your flesh is cold resistant. (rC+)
You are immune to negative energy. (rN+++)
You do not regenerate when monsters are visible.
You are immune to unholy pain and torment.
You thrive by killing the living.


   Skills:
 - Level 1.0 Fighting
 - Level 1.7 Dodging
 - Level 2.1 Stealth
 + Level 2.9 Unarmed Combat
 - Level 1.7 Spellcasting
 - Level 0.7 Conjurations
 - Level 2.4 Fire Magic


You had 4 spell levels left.
You knew the following spells:

 Your Spells              Type           Power      Damage    Failure   Level
a - Foxfire               Conj/Fire      16%        2x1d4     17%         1

Your spell library contained the following spells:

 Spells                   Type           Power      Damage    Failure   Level
 Scorch                   Fire           10%        2d5       19%         2
 Conjure Flame            Conj/Fire      4%         6-21      45%         3
 Inner Flame              Hex/Fire       3%         N/A       52%         3
 Flame Wave               Conj/Fire      4%         2d5       86%         4

Inventory:

Armour
 a - a +0 robe (worn)
 h - a +0 pair of boots (worn)
Jewellery
 e - a ring of see invisible (left claw)
Scrolls
 g - 2 scrolls of enchant weapon
 j - a scroll of identify
Potions
 b - a potion of heal wounds {unknown}
 c - a potion of curing
 d - a potion of might {unknown}
 f - a potion of attraction {unknown}
 i - a potion of lignification {unknown}

Dungeon Overview and Level Annotations

Branches:
Dungeon (2/15)

Altars:


Message History

You scratch the worm.
The worm is moderately wounded.
The worm bites you!
You scratch the worm.
The worm is moderately wounded.
The worm closely misses you.
You scratch the worm but do no damage.
The worm is moderately wounded.
You scratch the worm.
The worm is heavily wounded.
The worm closely misses you.
You barely miss the worm.
The worm is moderately wounded.
You scratch the worm.
The worm is heavily wounded.
The worm bites you!
You claw the worm!
The worm is severely wounded.
You completely miss the worm.
The worm is severely wounded.
The worm bites you.
You barely miss the worm.
The worm is severely wounded.
You scratch the worm.
The worm is almost dead.
The worm barely misses you.
You scratch the worm but do no damage.
The worm is almost dead.
The worm bites you but does no damage.
You scratch the worm but do no damage.
The worm is almost dead.
You barely miss the worm.
The worm is almost dead.
The worm closely misses you.
You scratch the worm.
The worm is almost dead.
You barely miss the worm.
The worm is almost dead.
The worm bites you.
You die...

###.## ##.#.....##..#
#.>.(
##.#####.....##.##..#
#####
#....<...#..)##.##.%#
#..#####....###.##..#
#..# ##.#.###.##..#
#..# #(......##..#
#..# ###.........#
#..# #####.##.## #..#
#@##.# #..# #.w......
###..##.# ..# #..# .#
#


You could see a worm.

Vanquished Creatures
  An adder (D:2)
  A worm (D:2)
  4 endoplasms
  A giant cockroach (D:1)
  5 goblins
  2 hobgoblins
  2 ball pythons (D:1)
  3 bats
  A kobold (D:1)
  3 rats
23 creatures vanquished.

Notes
Turn   | Place    | Note
-------+----------+-------------------------------------------
     0 | D:1      | qw the Ghoul Fire Elementalist began the quest for the Orb.
     0 | D:1      | Reached XP level 1. HP: 14/14 MP: 2/2
     0 | D:1      | 0 ||| qw: Version: 0.1-a-90-g952f4b7
     0 | D:1      | 0 ||| qw: Game counter: 3718
     0 | D:1      | 0 ||| qw: Always use a shield: true
     0 | D:1      | 0 ||| qw: God list: Okawaru
     0 | D:1      | 0 ||| qw: Allow faded altars: false
     0 | D:1      | 0 ||| qw: Do Orc after D:15 true
     0 | D:1      | 0 ||| qw: Do second Lair branch before Depths: true
     0 | D:1      | 0 ||| qw: Lair rune preference: random
     0 | D:1      | 0 ||| qw: Plans: Normal
     0 | D:1      | 0 ||| PLANNING D:1-11
   246 | D:1      | HP: 3/14 [hobgoblin (2)]
   247 | D:1      | HP: 1/14 [hobgoblin (2)]
   249 | D:1      | Reached skill level 1 in Unarmed Combat
   609 | D:1      | 609 ||| Stepping ~*~*~tactically~*~*~ (stealth).
   823 | D:1      | Reached skill level 1 in Fighting
   823 | D:1      | Reached XP level 2. HP: 23/23 MP: 3/3
  1529 | D:1      | Found a faded altar of an unknown god.
  1538 | D:1      | 1538 ||| UPGRADING to +0 pair of boots.
  1543 | D:1      | 1543 ||| UPGRADING to ring of see invisible.
  1544 | D:1      | 1544 ||| READING 2 scrolls labelled OBITIDGHALOAT.
  1545 | D:1      | 1545 ||| READING 2 scrolls labelled CEIPOROAQA.
  1546 | D:1      | 1546 ||| READING scroll labelled UFEIGR QERCHOIMACW.
  1547 | D:1      | 1547 ||| DRINKING 2 fuming red potions.
  1548 | D:1      | 1548 ||| DRINKING 2 red potions.
  1549 | D:1      | 1549 ||| DROPPING potion of magic.
  1550 | D:1      | 1550 ||| DROPPING potion of invisibility.
  1592 | D:2      | 1592 ||| Stepping ~*~*~tactically~*~*~ (stealth).
  1657 | D:2      | Reached XP level 3. HP: 28/28 MP: 4/4
  1841 | D:2      | 1841 ||| Stepping ~*~*~tactically~*~*~ (stealth).
  2076 | D:2      | HP: 7/28 [worm (10)]
  2078 | D:2      | HP: 2/28 [worm (5)]
  2085 | D:2      | Slain by a worm

Levels and vault maps discovered:
D:1:      ebering_trefoil_3fold, layout_basic,
          shapermc_ecumenical_altar_rom_forum, bh_walls_and_bars
D:2:      layout_loops_ring

Skill      XL: |  1  2 |
---------------+-------+-----
Unarmed Combat | 1 2 |  2.9
Fighting       | 1 |  1.0
Dodging        | |  1.7
Stealth        | |  2.1
Spellcasting   | |  1.7
Conjurations   | |  0.7
Fire Magic     | |  2.4

Action                   || total
-------------------------++-------
Melee: Unarmed           ||   114
  Use: Scroll            ||     3
       Potion            ||     2
 Stab: Sleeping          ||     2
Armor: Robe              ||    17
Dodge: Dodged            ||    50

Table legend:
 A = Non-vault XP
 B = Vault XP
 C = Vault XP percentage of total XP
 D = Non-vault monster count
 E = Vault monster count
 F = Vault count percentage of total count
                 A         B        C        D         E       F
            +---------+---------+-------+---------+---------+-------
      Total |      53 |       0 |   0.0 |      23 |       0 |   0.0
            +---------+---------+-------+---------+---------+-------
        D:1 |      25 |       0 |   0.0 |      15 |       0 |   0.0
        D:2 |      28 |       0 |   0.0 |       8 |       0 |   0.0
            +---------+---------+-------+---------+---------+-------
